 Dungeon Crawl Stone Soup version 0.31-a0-618-g7ca08c1ff9 (webtiles) character file.

Game seed: 5095630219276924623

473 DocEon the Magician (level 6, -3/32 HPs)
             Began as a Deep Elf Conjurer on Aug 22, 2023.
             Slain by a scorpion (7 damage)
             ... on level 5 of the Dungeon.
             The game lasted 00:08:21 (4725 turns).

DocEon the Magician (Deep Elf Conjurer)             Turns: 4725, Time: 00:08:22

Health: -3/32      AC:  3    Str:  4    XL:     6   Next: 84%
Magic:  10/18      EV: 12    Int: 25    God:
Gold:   331        SH:  0    Dex: 13    Spells: 5/19 levels left

rFire   . . .        q - staff of conjuration
rCold   . . .        (no shield)
rNeg    . . .        a - +0 robe
rPois   .            (no helmet)
rElec   .            n - +0 cloak
rCorr   .            (no gloves)
SInv    .            (no boots)
Will    .....        (no amulet)
Stlth   ++           (no ring)
HPRegen 0.25/turn    (no ring)
MPRegen 0.16/turn

%: no passive effects
@: lethally poisoned (-3 -> -20)
A: no striking features
a: no special abilities


You were on level 5 of the Dungeon.
You visited 1 branch of the dungeon, and saw 6 of its levels.

You collected 331 gold pieces.

Inventory:

Hand Weapons
 m - a +2 quarterstaff of chaos
Armour
 a - a +0 robe (worn)
 n - a +0 cloak (worn)
 r - the +1 storm dragon scales "Mifis" {*Slow rElec Str+6}
   (You found it on level 5 of the Dungeon)

   Str+6:     It affects your strength (+6).
   rElec:     It insulates you from electricity.
   *Slow:     It may slow you when you take damage.
Magical Staves
 q - a staff of conjuration (weapon)
Jewellery
 o - a ring of fire
Scrolls
 g - 4 scrolls of teleportation
 i - 2 scrolls of butterflies
Potions
 b - a potion of magic
 c - a potion of degeneration
 e - a potion of enlightenment
 f - 2 potions of ambrosia {unknown}
 h - 2 potions of lignification
 k - a potion of heal wounds {unknown}
 p - a potion of curing {unknown}


   Skills:
 - Level 2.4 Dodging
 - Level 2.5 Stealth
 * Level 7.2 Spellcasting
 + Level 5.8 Conjurations
 + Level 2.3 Hexes
 + Level 1.9 Translocations
 + Level 1.8 Air Magic


You had 5 spell levels left.
You knew the following spells:

 Your Spells              Type           Power      Damage    Failure   Level
a - Magic Dart            Conj           100%       1d8       1%          1
b - Searing Ray           Conj           100%       2d8       1%          2
c - Fulminant Prism       Conj/Hex       22%        3d12      12%         4
d - Iskenderun's Mystic   Conj/Tloc      43%        2d10      13%         4
e - Swiftness             Air            18%        N/A       10%         3

Your spell library contained the following spells:

 Spells                   Type           Power      Damage    Failure   Level
 Static Discharge         Conj/Air       84%        2-6/arc   1%          2
 Dazzling Flash           Conj/Hex       88%        N/A       3%          3
 Ensorcelled Hibernation  Hex/Ice        28%        N/A       6%          2
 Passwall                 Tmut/Erth      7%         N/A       10%         2
 Airstrike                Air            9%         2d(2-18)  30%         4
 Summon Lightning Spire   Summ/Air       13%        N/A       41%         4


Dungeon Overview and Level Annotations

Branches:
Dungeon (6/15)
 Temple: D:4-7

Altars:
Zin

Annotations:
D:4 2 transporters


Message History

You feel a surge of power!
The magic dart hits the scorpion.
The scorpion is moderately wounded.
You feel a surge of power!
The magic dart hits the scorpion.
The scorpion is moderately wounded.
You feel a surge of power!
The magic dart hits the scorpion but does no damage.
The scorpion is moderately wounded.
You feel a surge of power!
The magic dart hits the scorpion.
The scorpion is heavily wounded.
The scorpion stings you.
You are poisoned.
The scorpion poisons you!
You feel a surge of power!
The magic dart hits the scorpion but does no damage.
The scorpion is heavily wounded.
You feel very sick. The scorpion stings you.
You are more poisoned.
The scorpion poisons you!
Casting: Magic Dart (safe; 1% risk of failure)
Confirm with . or Enter, or press ? or * to list all spells.
Aiming: Searing Ray (safe; 1% risk of failure)
Press: ? - help, Shift-Dir - straight line, f/p - scorpion
Aim: a scorpion (heavily wounded, 83% to hit)
You feel a surge of power!
The searing ray hits the scorpion.
The scorpion is almost dead. (Press . to maintain the ray.)
You feel very sick. The scorpion stings you.
The searing ray misses the scorpion.
You feel very sick. The scorpion stings you.
* * * LOW HITPOINT WARNING * * *
You are more poisoned.
The scorpion poisons you!
The searing ray misses the scorpion.
* * * LOW HITPOINT WARNING * * *
You feel very sick. The scorpion stings you!
You die...

......# #.....#
####### #.._..#
######## #.....#
#......#####'###
##......#.##..#
#.............# ##
#.......##.##.###.# .#
#.).....##.##......
.#####..........@s...#
.......#####.###.#.#.#
.####### #.# >...#.#
.# #.#.#..##.# .#
#.#.#... ## ..# #####
..# #.#


You could see a scorpion.

Vanquished Creatures
  2 scorpions (D:5)
  An orc priest (D:3)
  Crazy Yiuf (D:3)
  2 iguanas (D:5)
  An orc wizard (D:3)
  4 gnolls
  9 adders
  A white imp (D:5)
  An ufetubus (D:5)
  3 worms
  A dart slug (D:2)
  10 orcs
  8 bats
  10 endoplasms
  A giant cockroach (D:1)
  5 goblins
  3 hobgoblins
  5 quokkas
  8 ball pythons
  3 frilled lizards
  8 kobolds
  5 rats
92 creatures vanquished.

Vanquished Creatures (others)
  A fulminant prism (D:3)
1 creature vanquished.

Grand Total: 93 creatures vanquished

Notes
Turn   | Place    | Note
-------+----------+-------------------------------------------
     0 | D:1      | DocEon the Deep Elf Conjurer began the quest for the Orb.
     0 | D:1      | Reached XP level 1. HP: 10/10 MP: 6/6
     2 | D:1      | Noticed a minotaur
     2 | D:1      | Noticed a demigod
     4 | D:1      | Noticed a meteoran
     4 | D:1      | Noticed a formicid
     6 | D:1      | Noticed a spriggan
     8 | D:1      | Noticed an elf
     8 | D:1      | Noticed a gargoyle
    10 | D:1      | Noticed a felid
    10 | D:1      | Noticed a ghoul
    12 | D:1      | Noticed a merfolk
    14 | D:1      | Noticed a human
    14 | D:1      | Noticed a naga
    16 | D:1      | Noticed a vine stalker
    18 | D:1      | Noticed an armataur
    18 | D:1      | Noticed an ogre
    20 | D:1      | Noticed a vampire
    20 | D:1      | Noticed a troll
    22 | D:1      | Noticed a tengu
    22 | D:1      | Noticed an octopode
    24 | D:1      | Noticed a draconian
    24 | D:1      | Noticed a minotaur
    26 | D:1      | Noticed a felid
    26 | D:1      | Noticed a vampire
   254 | D:1      | Reached XP level 2. HP: 15/15 MP: 1/8
   767 | D:1      | Reached skill level 4 in Spellcasting
  1005 | D:1      | Learned a level 2 spell: Searing Ray
  1018 | D:1      | Reached XP level 3. HP: 15/19 MP: 6/10
  1235 | D:2      | Reached skill level 5 in Conjurations
  1250 | D:2      | Reached skill level 5 in Spellcasting
  1250 | D:2      | Reached XP level 4. HP: 24/24 MP: 8/13
  1383 | D:2      | Found a faded altar of an unknown god.
  2572 | D:3      | Reached XP level 5. HP: 28/28 MP: 12/15
  2599 | D:3      | Learned a level 4 spell: Fulminant Prism
  2604 | D:3      | Learned a level 4 spell: Iskenderun's Mystic Blast
  2608 | D:3      | Learned a level 3 spell: Swiftness
  2696 | D:3      | Found a runed translucent door.
  2697 | D:3      | Noticed Crazy Yiuf
  2905 | D:3      | Reached skill level 6 in Spellcasting
  3008 | D:3      | Reached skill level 1 in Hexes
  3392 | D:3      | Killed Crazy Yiuf
  3393 | D:3      | Reached skill level 1 in Translocations
  3598 | D:4      | Found a transporter.
  3745 | D:4      | Reached skill level 1 in Air Magic
  3783 | D:4      | Found a transporter.
  3900 | D:4      | You fall into a shaft and drop 2 floors!
  3905 | D:5      | Entered Level 5 of the Dungeon
  3908 | D:5      | Reached XP level 6. HP: 22/32 MP: 13/17
  3935 | D:5      | Identified the +1 storm dragon scales "Mifis" {*Slow rElec
                  | Str+6}
  4248 | D:5      | Reached skill level 7 in Spellcasting
  4708 | D:5      | Found a glowing silver altar of Zin.
  4725 | D:5      | Slain by a scorpion

Illustrated notes

Levels and vault maps discovered:
D:1:      kb_arrival_jail, layout_loops_ring, serial_bayou_lake_a
D:2:      layout_loops_cross, shapermc_ecumenical_altar_ellora
D:3:      layout_rooms, grunt_ministairs_12, roderic_serpentine_path,
          amcnicky_mini_corridor_feature, uniq_crazy_yiuf_cottage
D:4:      gammafunk_wand_slinger, layout_loops_ring, gammafunk_ghost_grave,
          lightli_minifort
D:5:      layout_basic, zin_scriptorium
D:6:      layout_rooms, minmay_temple_entry_gardened_gates

Skill      XL: |  1  2  3  4  5  6 |
---------------+-------------------+-----
Spellcasting   | 4 5 6 7 |  7.2
Conjurations   | 5 |  5.8
Hexes          | 1 2 |  2.3
Translocations | 1 |  1.9
Air Magic      | 1 |  1.8
Dodging        | |  2.4
Stealth        | |  2.5

Action                     |  1- 3 |  4- 6 || total
---------------------------+-------+-------++-------
  Melee: Unarmed           |     1 |       ||     1
   Cast: Magic Dart        |    51 |   123 ||   174
         Searing Ray       |     1 |    15 ||    16
         Fulminant Prism   |       |     1 ||     1
    Use: Potion            |       |     1 ||     1
         Scroll            |       |     8 ||     8
 Armour: Robe              |       |     1 ||     1
  Dodge: Dodged            |    13 |    15 ||    28

Table legend: (Time is in decaauts)
 A = Elapsed time spent in this place.
 B = Non-inter-level travel time spent in this place.
 C = Inter-level travel time spent in this place.
 D = Time resting spent in this place.
 E = Time spent auto-exploring this place.
 F = Levels seen in this place.
 G = Mean time per level.
                   A        B        C        D        E       F      G
               +--------+--------+--------+--------+--------+-----+--------+
         Total |   4770 |   4661 |    109 |    525 |   3605 |   6 |  795.0 |
       Dungeon |   4770 |   4661 |    109 |    525 |   3605 |   6 |  795.0 |
               +--------+--------+--------+--------+--------+-----+--------+

Top non-repeatable levels by time:
     D:3: 1232 daAuts
     D:2: 1158 daAuts
     D:1: 1152 daAuts
     D:5: 747 daAuts
     D:4: 400 daAuts
     D:6: 77 daAuts
